 Dungeon Crawl Stone Soup version 0.19-a0-1886-gd64a0f0 (webtiles) character file.

313 Gorice the Chiller (level 6, 0/67 HPs)
             Began as a Draconian Ice Elementalist on Oct 15, 2016.
             Slain by a worker ant (4 damage)
             ... on level 3 of the Dungeon.
             The game lasted 00:11:06 (3900 turns).

Gorice the Chiller (Draconian Ice Elementalist)     Turns: 3900, Time: 00:11:06

Health: 0/67       AC: 23    Str: 10    XL:     6   Next: 19%
Magic:  9/11       EV:  2    Int: 17    God:
Gold:   151        SH:  0    Dex: 12    Spells: 2 memorised, 9 levels left

rFire  . . .     SeeInvis .     a - +0 dagger (venom)
rCold  . . .     Gourm    .     (armour unavailable)
rNeg   + + +     Faith    .     (no shield)
rPois  +         Spirit   .     (helmet currently unavailable)
rElec  .         Dismiss  .     (cloak currently unavailable)
rCorr  .         Reflect  .     (gloves currently unavailable)
MR     .....     Harm     .     (boots currently unavailable)
Stlth  ++........ NoTele   +    (no amulet)
                                (no ring)
                                f - ring of poison resistance

@: lethally poisoned (0 -> -2), tree-form
A: unfitting armour, (cold-blooded), AC +6
a: no special abilities


You were on level 3 of the Dungeon.
You were hungry.
You were a tree.
You visited 1 branch of the dungeon, and saw 4 of its levels.

You collected 151 gold pieces.

Inventory:

Hand Weapons
 a - a +0 dagger of venom (weapon)
   (You took it off a kobold on level 1 of the Dungeon)
 g - a +0 war axe
 k - a +0 rapier
 r - a +0 flail
 s - a +0 halberd
Missiles
 p - 7 poisoned needles
 Z - 67 stones (quivered)
Armour
 h - a +1 pair of boots (melded)
Jewellery
 f - a ring of poison resistance (left branch)
Scrolls
 m - a scroll of remove curse
 q - a scroll of noise {!r}
 t - a scroll of random uselessness {unknown}
 u - a scroll of fog {unknown}
Potions
 e - a potion of curing {unknown}
 i - a potion of resistance {unknown}
 j - a potion of flight
 o - a potion of brilliance {unknown}
Books
 l - a book of Frost
Comestibles
 b - 4 bread rations {!e}
 c - 5 chunks of flesh
 n - 2 meat rations {!e}


   Skills:
 - Level 1.7 Dodging
 - Level 1.7 Stealth
 + Level 3.6 Spellcasting
 - Level 1.0 Conjurations
 * Level 6.1 Ice Magic


You had 9 spell levels left.
You knew the following spells:

 Your Spells              Type           Power        Failure   Level  Hunger
a - Freeze                Ice            ###.         1%          1    None
b - Throw Frost           Conj/Ice       ###...       10%         2    ##.....


Dungeon Overview and Level Annotations

Branches:
Dungeon (4/15)
 Temple: D:4-7

Altars:
Xom
Zin

Annotations:
D:4 GsBirdie's ghost, amateur MiBe


Innate Abilities, Weirdness & Mutations

((Your plain brown scales are hard. (AC +6)))
You cannot fit into any form of body armour.
((You are cold-blooded and may be slowed by cold attacks.))


Message History

You hit the orc but do no damage. The orc barely misses you.
The worker ant closely misses you.
Unknown command.
You hit the orc but do no damage.
The orc is poisoned.
The worker ant closely misses you. The orc closely misses you.
Unknown command.
Casting: Freeze
Confirm with . or Enter, or press ? or * to list all spells.
Aiming: Freeze
Press: ? - help, Shift-Dir - straight line, f - orc
Aim: an orc, wielding a whip and wearing a ring mail (heavily wounded, poisoned)
You freeze the orc.
The orc is heavily wounded.
The worker ant bites you but does no damage.
The orc closely misses you. The phantom completely misses you.
Casting: Freeze
Confirm with . or Enter, or press ? or * to list all spells.
Aiming: Freeze
Press: ? - help, Shift-Dir - straight line, f/p - orc
Aim: an orc, wielding a whip and wearing a ring mail (heavily wounded, poisoned)
You freeze the orc.
You kill the orc!
The worker ant closely misses you.
The phantom blinks!
The worker ant misses you.
The phantom blinks!
The worker ant bites you!
* * * LOW HITPOINT WARNING * * *
You are lethally poisoned!
The worker ant poisons you!
Damage: 7 (max 17)
* * * LOW HITPOINT WARNING * * *
You feel sick.
Damage: 1 (max 17)
* * * LOW HITPOINT WARNING * * *
You feel sick.
Damage: 1 (max 17) Unknown command.
Unknown command.
Unknown command.
Really quaff
d - a potion of lignification {!q}?
You turn into a tree.
Your +1 pair of boots melds into your body.
Your roots penetrate the ground.
The worker ant bites you but does no damage.
Unknown command.
Unknown command.
Unknown command.
Unknown command.
It was a potion of flight.
Your roots keep you in place.
You feel sick. The worker ant bites you.
You die...

########## ## #........#
############.
#........#########............
#...............##.##########.
#........######.##.##########.
#.......÷....>)....§..........
###########..###.#.##.##########.
.....# #..# #a#.##.##########.
.....# ####..# #♣#...............
.....# #.....# #.W...............
.....# #.#..## ####...###########
.....###.#..# #.###
.......#.#..#######.# ########
...÷...#.#.........<# #.......
###....###..........#######.#####
#....# #.......................
#....# #....................###


You could see a phantom and a worker ant.

Vanquished Creatures
  3 orc priests (D:3)
  Ijyb (D:2)
  4 gnolls (D:3)
  5 adders
  2 oozes
  A worm (D:3)
  2 leopard geckos
  10 orcs (D:3)
  A ball python (D:2)
  5 bats
  5 giant cockroaches
  12 goblins
  10 hobgoblins
  8 jackals
  6 frilled lizards
  8 kobolds
  10 rats
93 creatures vanquished.

Notes
Turn   | Place    | Note
-------+----------+-------------------------------------------
     0 | D:1      | Gorice the Draconian Ice Elementalist began the quest for the Orb.
     0 | D:1      | Reached XP level 1. HP: 14/14 MP: 3/3
   453 | D:1      | Reached XP level 2. HP: 20/20 MP: 1/5
   707 | D:1      | Reached skill level 4 in Ice Magic
   823 | D:1      | Reached XP level 3. HP: 26/26 MP: 4/6
  1472 | D:2      | Reached XP level 4. HP: 28/33 MP: 5/7
  1709 | D:2      | Noticed Ijyb
  1717 | D:2      | Killed Ijyb
  1963 | D:2      | Found a shimmering altar of Xom.
  2057 | D:2      | Reached skill level 5 in Ice Magic
  2290 | D:3      | Reached skill level 3 in Spellcasting
  2393 | D:3      | Reached XP level 5. HP: 28/38 MP: 4/9
  2400 | D:3      | HP: 2/38 [orc priest/divine providence (13)]
  2725 | D:2      | Learned a level 2 spell: Throw Frost
  3212 | D:3      | Found a glowing silver altar of Zin.
  3346 | D:3      | Reached XP level 6. HP: 29/45 MP: 8/11
  3447 | D:3      | Reached skill level 6 in Ice Magic
  3861 | D:4      | Noticed GsBirdie's ghost (amateur MiBe)
  3890 | D:3      | HP: 13/45 [worker ant (4)]
  3896 | D:3      | HP: 5/45 [worker ant (7)]
  3900 | D:3      | Slain by a worker ant

Vault maps used:
D:1:      nagdon_arrival_zigzag_paths
D:2:      first_bread, xom_teletrap_fun, uniq_iyjb
D:3:      lemuel_coloured_pillars_altar
D:4:      st_stairs_8

Skill      XL: |  1  2  3  4  5  6 |
---------------+-------------------+-----
Ice Magic      | 4 5 6 |  6.1
Spellcasting   | 3 |  3.6
Dodging        | |  1.7
Stealth        | |  1.7
Conjurations   | |  1.0

Action                   |  1- 3 |  4- 6 || total
-------------------------+-------+-------++-------
Melee: Unarmed           |    10 |       ||    10
       Tailslap          |     4 |    15 ||    19
       Dagger            |    25 |   145 ||   170
 Cast: Freeze            |    44 |    36 ||    80
       Throw Frost       |       |     3 ||     3
  Use: Scroll            |     4 |     2 ||     6
       Potion            |       |     3 ||     3
 Stab: Sleeping          |     1 |     2 ||     3
  Eat: Chunk             |     2 |     8 ||    10
Armor: Skin              |    31 |    56 ||    87
Dodge: Dodged            |    67 |   104 ||   171

Table legend:
 A = Turns spent in this place as a percentage of turns spent in the entire game.
 B = Non-inter-level travel turns spent in this place as a percentage of non-inter-level travel turns spent in the entire game.
 C = Inter-level travel turns spent in this place as a percentage of turns spent in this place.
 D = Turns resting spent in this place as a percentage of non-inter-level travel turns spent in this place.
 E = Turns spent auto-exploring this place as a percentage of non-inter-level travel turns spent in this place.
 F = Non-inter-level travel turns spent in this place divided by the number of levels of this place that you've seen.
                   A       B       C       D       E      F
               +-------+-------+-------+-------+-------+----------------------
         Total | 100.0 | 100.0 |   0.3 |   3.3 |   6.0 | 305.8
       Dungeon | 100.0 | 100.0 |   0.3 |   3.3 |   6.0 | 305.8
               +-------+-------+-------+-------+-------+----------------------

Vault maps used:
D:1:      nagdon_arrival_zigzag_paths
D:2:      first_bread, xom_teletrap_fun, uniq_iyjb
D:3:      lemuel_coloured_pillars_altar
D:4:      st_stairs_8
